 Dungeon Crawl Stone Soup version 0.29.1-4-g47bece8355 (webtiles) character file.

Game seed: 6573077029151892267

8 ChadusMaximus the Caller (level 2, -4/19 HPs)
             Began as a Human Summoner on Dec 8, 2022.
             Slain by a hobgoblin
             ... wielding a +0 war axe of venom
              (7 damage)
             ... on level 1 of the Dungeon.
             The game lasted 00:00:38 (793 turns).

ChadusMaximus the Caller (Human Summoner)            Turns: 793, Time: 00:00:38

Health: -4/19      AC:  2    Str:  8    XL:     2   Next: 15%
Magic:  4/5        EV: 12    Int: 15    God:
Gold:   38         SH:  0    Dex: 13    Spells: 4/5 levels left

rFire   . . .      SeeInvis .   c - +0 dagger
rCold   . . .      Faith    .   (no shield)
rNeg    . . .      Spirit   .   a - +0 robe
rPois   .          Reflect  .   (no helmet)
rElec   .          Harm     .   (no cloak)
rCorr   .          Rampage  .   (no gloves)
Will    .....                   (no boots)
Stlth   ++........              (no amulet)
HPRegen 0.06/turn               (no ring)
MPRegen 0.09/turn               (no ring)

@: lethally poisoned (-4 -> -16)
A: no striking features
a: no special abilities


You were on level 1 of the Dungeon.
You visited 1 branch of the dungeon, and saw 1 of its levels.

You collected 38 gold pieces.

Inventory:

Hand Weapons
 c - a +0 dagger (weapon)
Armour
 a - a +0 robe (worn)
Scrolls
 d - a scroll of blinking {unknown}
Potions
 b - a potion of magic
 e - a potion of curing {unknown}


   Skills:
 + Level 2.2 Dodging
 + Level 2.2 Stealth
 + Level 2.1 Spellcasting
 + Level 4.1 Summonings


You had 4 spell levels left.
You knew the following spells:

 Your Spells              Type           Power      Damage    Failure   Level
a - Summon Small Mammal   Summ           52%        N/A       4%          1

Your spell library contained the following spells:

 Spells                   Type           Power      Damage    Failure   Level
 Call Imp                 Summ           13%        N/A       6%          2
 Call Canine Familiar     Summ           13%        N/A       12%         3
 Summon Guardian Golem    Hex/Summ       7%         N/A       28%         3
 Portal Projectile        Hex/Tloc       2%         N/A       54%         3
 Tukima's Dance           Hex            1%         N/A       54%         3
 Summon Lightning Spire   Summ/Air       7%         N/A       67%         4
 Blade Hands              Tmut           0%         N/A       99%         5


Dungeon Overview and Level Annotations

Branches:
Dungeon (1/15)

Altars:


Message History

You see here a +0 scale mail.
You see here a rat skeleton.
You open the door.
Found a club.
Found 4 stones.
You now have 38 gold pieces (gained 10).
No target in view!
No target in view!
e - a pink potion No target in view!
You see here a +0 club.
A hobgoblin comes into view. It is wielding a +0 war axe of venom.
The hobgoblin shouts!
A hobgoblin is nearby!
Found a stone staircase leading down.
The hobgoblin throws a stone.
The stone hits you.
A hobgoblin is nearby!
The hobgoblin throws a stone.
The stone barely misses you.
A hobgoblin is nearby!
The hobgoblin closely misses you.
A hobgoblin is nearby!
You hit the hobgoblin but do no damage.
The hobgoblin hits you with a +0 war axe of venom.
You are lethally poisoned!
There is a lethal amount of poison in your body!
You hit the hobgoblin.
The hobgoblin is severely wounded.
You feel very sick. The hobgoblin barely misses you.
You are too injured to fight recklessly!
Casting: Summon Small Mammal (safe; 4% risk of failure)
Confirm with . or Enter, or press ? or * to list all spells.
You don't know that spell.
Sorry, you're not good enough to have a special ability.
Casting: Summon Small Mammal (safe; 4% risk of failure)
Confirm with . or Enter, or press ? or * to list all spells.
* * * LOW HITPOINT WARNING * * *
You feel very sick.
The hobgoblin hits you with a +0 war axe of venom!
You die...

.. #.# ..> #.##
## # #... .#
#'#'#r###.#
......g...#
.......@.:###
............#
............#
.........####.#
..............#
........#######
#......)....#
.#.......###.#
......(..# #.#


You could see a hobgoblin (ally target) and a friendly quokka (summoned).

Vanquished Creatures
  A hobgoblin (D:1)
  A bat (D:1)
2 creatures vanquished.

Vanquished Creatures (collateral kills)
  2 goblins (D:1)
  2 ball pythons (D:1)
  2 rats (D:1)
6 creatures vanquished.

Grand Total: 8 creatures vanquished

Notes
Turn   | Place    | Note
-------+----------+-------------------------------------------
     0 | D:1      | ChadusMaximus the Human Summoner began the quest for the
                  | Orb.
     0 | D:1      | Reached XP level 1. HP: 13/13 MP: 3/3
   451 | D:1      | Reached XP level 2. HP: 9/19 MP: 3/5
   793 | D:1      | Slain by a hobgoblin

Illustrated notes

Levels and vault maps discovered:
D:1:      lightli_arrival_farm, layout_basic

Action                   || total
-------------------------++-------
Melee: Dagger            ||     9
       Unarmed           ||     4
 Cast: Summon Small Mamm ||     9
Armor: Robe              ||     3
Dodge: Dodged            ||    22
